 Dungeon Crawl Stone Soup version 0.30.1-11-g7821555f0a (webtiles) character file.

Game seed: 5295142221871726692

133256 catyrpelius the Impaler (level 16, 0/144 HPs)
             Began as a Minotaur Berserker on Jan 6, 2024.
             Was an Elder of Trog.
             Succumbed to a green death's poison gas
             ... on level 4 of the Swamp on Jan 7, 2024.
             The game lasted 04:06:51 (22065 turns).

catyrpelius the Impaler (Minotaur Berserker)       Turns: 22065, Time: 04:06:52

Health: 0/144      AC: 20    Str: 25    XL:     16   Next: 59%
Magic:  1/7        EV: 11    Int: 10    God:    Trog [****..]
Gold:   731        SH:  0    Dex: 15    Spells: 15/15 levels left

rFire   . . .        Y - +6 quarterstaff (antimagic)
rCold   . . .        (shield currently unavailable)
rNeg    + + .        u - +1 chain mail of the Exiled Artisans {Fly Regen+}
rPois   .            F - +1 hat {Int+3}
rElec   .            s - scarf {+Inv}
rCorr   +            A - +1 pair of gloves {Stlth+}
SInv    .            N - +1 pair of boots
Will    ++++.        I - amulet of guardian spirit Stlth
                     P - ring "Neiskar" {rN++ Will+ rCorr Int+3}
HPRegen 2.24/turn    m - +4 ring of slaying
MPRegen 0.10/turn

%: guardian spirit
@: lethally poisoned (0 -> -5), strong-willed, on berserk cooldown, flying,
regenerating, slowed, invisible, very slow
A: horns 2, retaliatory headbutt
a: Renounce Religion, Evoke Invisibility, Berserk, Trog's Hand, Brothers in Arms


You were on level 4 of the Swamp.
You worshipped Trog.
Trog was greatly pleased with you.
You visited 6 branches of the dungeon, and saw 26 of its levels.

You collected 2931 gold pieces.
You spent 2200 gold pieces at shops.

Inventory:

Hand Weapons
 i - the +8 glaive of Futuristic Action {drain, rN+}
   (You found it on level 2 of the Lair of Beasts)

   rN:        It protects you from negative energy.
 Y - a +6 antimagic quarterstaff (weapon)
Missiles
 p - 2 javelins
 x - 4 poisoned darts (quivered)
 J - 2 datura-tipped darts
 M - 6 curare-tipped darts
 V - 9 atropa-tipped darts
Armour
 s - a scarf of invisibility (worn)
 u - the +1 chain mail of the Exiled Artisans (worn) {Fly Regen+}
   (You bought it in a shop on level 1 of the Dungeon)

   Fly:       It grants you flight.
   Regen:     It increases your rate of health regeneration.
 A - a +1 pair of gloves of stealth (worn)
 B - a scarf of resistance
 F - a +1 hat of intelligence (worn)
 N - a +1 pair of boots (worn)
 Z - a +2 ring mail of poison resistance
Jewellery
 b - a ring of willpower
 m - a +4 ring of slaying (right hand)
 I - an amulet of guardian spirit (around neck)
 P - the ring "Neiskar" (left hand) {rN++ Will+ rCorr Int+3}
   (You bought it in a shop on level 2 of the Orcish Mines)

   [ring of willpower]

   Int:       It affects your intelligence (+3).
   rN:        It greatly protects you from negative energy.
   rCorr:     It protects you from acid and corrosion.
   Will:      It increases your willpower.
 T - an amulet of reflection
Wands
 q - a wand of light (19)
 t - a wand of flame (44)
 D - a wand of polymorph (18)
 E - a wand of iceblast (2)
 G - a wand of paralysis (30)
 R - a wand of mindburst (14)
 U - a wand of digging (11)
Scrolls
 a - 3 scrolls of torment
 e - 5 scrolls of teleportation
 f - 2 scrolls of fear
 n - 4 scrolls of fog
 r - 2 scrolls of silence
 y - 2 scrolls of magic mapping
 H - 6 scrolls of immolation
 K - a scroll of enchant armour {unknown}
 L - a scroll of vulnerability {unknown}
 O - 2 scrolls of enchant weapon
 Q - a scroll of blinking {unknown}
 S - 2 scrolls of poison
Potions
 c - 2 potions of mutation
 j - 6 potions of might
 k - a potion of haste {unknown}
 l - 2 potions of cancellation
 o - 2 potions of berserk rage
 v - 5 potions of flight
 z - a potion of resistance {unknown}
 C - a potion of curing
 W - 2 potions of lignification
Miscellaneous
 d - a piece from Xom's chessboard (15/15)
 X - a lightning rod (3/4)


   Skills:
 + Level 13.4 Fighting
 + Level 15.7(17.8) Polearms
 + Level 13.7(16.8) Staves
 + Level 11.0 Throwing
 + Level 14.1 Armour
 + Level 5.3 Dodging
 * Level 10.8 Invocations
 * Level 11.6 Evocations


You had 15 spell levels left.
You didn't know any spells.
Your spell library was empty.

Dungeon Overview and Level Annotations

Branches:
Dungeon (13/15)            Temple (1/1) D:5            Lair (5/5) D:9
  Swamp (4/4) Lair:3        Snake (1/4) Lair:3        Slime (0/5) Lair:5
    Orc (2/2) D:9             Elf (0/3) Orc:2
 Vaults: D:13-14

Altars:
Ashenzari
Cheibriados
Dithmenos
Elyvilon
Fedhas
Gozag
Hepliaklqana
Kikubaaqudgha
Makhleb
Nemelex Xobeh
Okawaru
Qazlal
Ru
Sif Muna
Trog
Uskayaw
Vehumet
Wu Jian
Xom
Yredelemnul
Zin
The Shining One
Jiyva

Shops:
D:1 (![?   D:6 !   Orc:2 ?==:[!(

Portals:
Trove: D:10 (give 7 scrolls of fog)

Annotations:
D:8 2 transporters, glosham's ghost, novice GnHW


Innate Abilities, Weirdness & Mutations

You have a pair of horns on your head.
You reflexively headbutt those who attack you in melee.


Message History

You fade into invisibility!
You feel very sick. The bog body casts a spell at you.
The bolt of cold hits you!
* * * LOW HITPOINT WARNING * * *
You feel sick. The green death gestures at you. The bolt of poison hits you!
You are lethally poisoned!
* * * LOW HITPOINT WARNING * * *
You feel better.
Press: ? - help, v - describe, . - travel
Here: a green death Some shallow water.
Aiming: Polymorph
Press: ? - help, Shift-Dir - straight line, f - green death
Aim: a green death (will become a blizzard demon, a cacodemon, or a rakshasa, chance to affect: 0%)
Okay, then.
Aiming: Paralyse
Press: ? - help, Shift-Dir - straight line, f - green death
Aim: a green death (chance to affect: 0%)
Okay, then.
Unknown command.
Your ogre goes berserk!
Trog will no longer gift you weapons.
Your skin crawls.
You feel strong-willed.
Your ogre rages.
The green death closely misses you.
Your ogre rages.
The green death gestures at you.
The blast of poison engulfs you but does no damage.
You are poisoned.
You are more poisoned.
* * * LOW HITPOINT WARNING * * *
You feel extremely sick.
You feel better.
You are poisoned.
* * * LOW HITPOINT WARNING * * *
You die...

##♣♣##♣♣.^~..♣♣
♣♣♣##♣♣##♣♣##♣♣##♣♣##♣≈?...♣
♣~~~..~..~.§~...~..~#§#~.~♣♣
~..≈≈.#§§.~.~~#≈.~≈#~#~#~♣♣
#~≈#.≈~≈≈≈§≈÷#≈≈≈.#~~~♣♣
#~.#~#####~♣○≈≈.#.#~##
..#~#~~#...#n○○☼≈≈.#.#~#
#~≈2~≈~#.##~#2☼O.≈.≈≈.#
#2~.#~~≈.#.2n##@~~≈≈≈~.#
~~≈.~#~~~≈≈≈≈~##○○≈≈≈≈.~#
≈≈#~#≈.!#.♣~#..♣#§#~♣.#.#
##~~~.≈.~#≈#~.~.##~#~#~.#
~~≈~..≈§~.~~≈..§≈≈≈≈≈~~#
##~≈#~~.#≈#≈~≈#≈###.#(##
#.≈~♣~#...#~#~≈#..#§##
.#≈#~.≈...☼.≈#≈#..^##
.≈~#~#...#~♣.≈.#.##


You could see a green death (ally target), a bog body (unable to see you) and a
friendly ogre (summoned, berserk).

Vanquished Creatures
  Mara (Swamp:3)
  2 tentacled monstrosities
  Mlioglotl (Swamp:2)
  2 thorn hunters
  A fenstrider witch (Swamp:4)
  Louise (Swamp:3)
  6 ghouls
  2 very ugly things (Swamp:4)
  4 eleionomae
  A dire elephant (Lair:5)
  4 bunyips
  Snorg (Lair:4)
  A green death (Swamp:4)
  Josephine (Lair:3)
  A vault guard (D:10)
  2 catoblepae
  13 hydras
  A death knight (D:13)
  2 boulder beetles
  4 two-headed ogres (D:11)
  9 alligators
  2 thrashing horrors (Swamp:4)
  A tengu warrior (D:11)
  3 orc high priests (Orc:2)
  10 death yaks (Lair:5)
  Sonja (Lair:1)
  A skyshark (Lair:4)
  Amaemon (D:9)
  2 skeletal warriors
  A goliath frog (Swamp:3)
  2 spriggan druids
  Pikel (D:6)
  3 swamp dragons (Swamp:4)
  A wizard (D:11)
  8 bog bodies
  A harpy (shapeshifter) (D:11)
  A mana viper (Lair:3)
  4 orc knights (Orc:2)
  A deep elf pyromancer (D:12)
  2 lindwurms (Lair:5)
  5 orc sorcerers
  4 ugly things (Swamp:4)
  4 manticores
  4 will-o-the-wisps
  16 elephants
  Joseph (D:9)
  2 gargoyles (D:11)
  An orange demon (D:9)
  3 black mambas
  11 cane toads
  4 unseen horrors (D:11)
  8 komodo dragons
  A yaktaur (D:11)
  A freezing wraith (D:13)
  4 rime drakes
  3 meliai (D:13)
  A bloated husk (Swamp:3)
  3 polar bears
  6 trolls
  11 hornets
  Grinder (D:3)
  A small abomination (Swamp:4)
  8 blink frogs
  12 tyrant leeches
  10 dream sheep
  8 shadows
  18 spriggans
  4 wyverns
  10 slime creatures
  7 wraiths
  30 yaks
  4 basilisks
  Grum (Lair:1)
  3 steam dragons
  25 vampire mosquitoes
  Edmund (D:6)
  12 swamp worms
  A warg (D:9)
  3 nagas (Lair:3)
  3 acid dragons
  11 water moccasins
  3 black bears
  7 swamp drakes
  21 orc warriors
  14 wolves
  2 ogres
  5 centaurs
  2 lemures (D:6)
  2 phantoms
  14 bullfrogs
  A necrophage (Swamp:3)
  A gnoll sergeant (Orc:2)
  6 scorpions
  10 wights (D:9)
  18 killer bees
  4 electric eels (D:9)
  7 howler monkeys
  A jelly (D:5)
  21 orc priests
  3 iguanas
  A sleepcap (D:5)
  20 orc wizards
  4 hell rats (Lair:4)
  9 gnolls
  10 adders
  8 river rats (Lair:4)
  A shadow imp (D:6)
  A dart slug (D:4)
  51 orcs
  5 bats
  5 endoplasms (D:1)
  4 giant cockroaches
  4 goblins
  5 hobgoblins
  7 jackals
  9 kobolds
  3 quokkas
  5 ball pythons
  A frilled lizard (D:5)
  13 rats
  A spectral weapon (Swamp:3)
681 creatures vanquished.

Vanquished Creatures (collateral kills)
  Rupert (Orc:2)
  A lindwurm (Lair:5)
  A salamander (Snake:1)
  A cane toad (Lair:5)
  2 orcs (Orc:2)
6 creatures vanquished.

Vanquished Creatures (others)
  A will-o-the-wisp (Swamp:3)
  2 bloated husks
  21 foxfires
24 creatures vanquished.

Grand Total: 711 creatures vanquished

Notes
Turn   | Place    | Note
-------+----------+-------------------------------------------
     0 | D:1      | catyrpelius the Minotaur Berserker began the quest for the
                  | Orb.
     0 | D:1      | Reached XP level 1. HP: 19/19 MP: 0/0
    41 | D:1      | Found Fiwkynog's Antique Armour Shop.
    88 | D:1      | You fall into a shaft and drop 1 floor!
   321 | D:1      | Reached XP level 2. HP: 26/27 MP: 1/1
   410 | D:1      | Found Baruecim's Distillery.
   459 | D:1      | Reached skill level 4 in Polearms
   566 | D:1      | Found a faded altar of an unknown god.
   672 | D:1      | Found Yrphoax's Magic Scroll Boutique.
   675 | D:1      | Bought a scroll of identify for 26 gold pieces
   676 | D:1      | Identified a scroll of acquirement
   677 | D:1      | Acquired a +1 spectral lajatang
   717 | D:1      | Reached skill level 1 in Invocations
   731 | D:1      | Reached XP level 3. HP: 33/33 MP: 2/2
   798 | D:1      | Found Yracwa's Antique Weapon Shop.
   818 | D:1      | Reached ** piety under Trog
  1465 | D:3      | Reached XP level 4. HP: 40/40 MP: 2/4
  1636 | D:3      | Reached skill level 1 in Staves
  1636 | D:3      | Reached skill level 1 in Throwing
  1714 | D:3      | Reached XP level 5. HP: 47/47 MP: 5/5
  2064 | D:3      | Noticed Grinder
  2122 | D:3      | Killed Grinder
  2123 | D:3      | Reached XP level 6. HP: 44/55 MP: 6/6
  2311 | D:4      | Reached skill level 5 in Fighting
  2311 | D:4      | Reached skill level 5 in Staves
  2469 | D:4      | Reached XP level 7. HP: 61/61 MP: 7/7
  2565 | D:4      | Found a snail-covered altar of Cheibriados.
  2596 | D:4      | Found a shadowy altar of Dithmenos.
  2632 | D:5      | Entered Level 5 of the Dungeon
  2852 | D:5      | Reached skill level 1 in Evocations
  2885 | D:5      | Found a burning altar of Makhleb.
  3080 | D:5      | Found a staircase to the Ecumenical Temple.
  3089 | Temple   | Entered the Ecumenical Temple
  3636 | D:1      | Bought a pair of runed gloves for 202 gold pieces
  3772 | D:6      | Found Ompoptem's Distillery.
  3783 | D:6      | Bought a potion of degeneration for 13 gold pieces
  3983 | D:6      | Reached XP level 8. HP: 67/69 MP: 8/8
  3988 | D:6      | Noticed Edmund
  4000 | D:6      | Killed Edmund
  4260 | D:6      | Noticed Pikel
  4273 | D:6      | Reached skill level 5 in Armour
  4282 | D:6      | Killed Pikel
  4283 | D:6      | Reached XP level 9. HP: 71/75 MP: 9/9
  4732 | D:7      | Found a broken altar of Ashenzari.
  4889 | D:7      | Reached *** piety under Trog
  5302 | D:8      | Noticed glosham's ghost (novice GnHW)
  5305 | D:8      | Noticed a two-headed ogre
  5305 | D:8      | Noticed a moth of wrath
  5312 | D:8      | Found a bloodstained altar of Trog.
  5326 | D:8      | Found a transporter.
  5340 | D:8      | Found a transporter.
  5389 | D:8      | Reached skill level 10 in Staves
  5861 | D:9      | Reached skill level 5 in Throwing
  5865 | D:9      | Reached skill level 5 in Evocations
  5865 | D:9      | Reached XP level 10. HP: 86/86 MP: 6/10
  5969 | D:9      | Noticed Amaemon
  5983 | D:9      | Killed Amaemon
  5985 | D:9      | Noticed an orange demon
  6098 | D:9      | Killed an orange demon
  6398 | D:9      | Found a staircase to the Orcish Mines.
  6419 | D:9      | Found a staircase to the Lair.
  6864 | Lair:1   | Entered Level 1 of the Lair of Beasts
  6864 | Lair:1   | Noticed Joseph
  6866 | Lair:1   | Noticed Sonja
  6890 | Orc:1    | Entered Level 1 of the Orcish Mines
  6903 | Orc:1    | Noticed an orc sorcerer
  6906 | Orc:1    | Noticed a sun demon
  6978 | D:10     | Entered Level 10 of the Dungeon
  7082 | D:10     | Noticed a boulder beetle
  7089 | D:10     | Killed a boulder beetle
  7110 | D:10     | Noticed a vault guard
  7120 | D:10     | Killed a vault guard
  7121 | D:10     | Reached XP level 11. HP: 94/94 MP: 9/11
  7241 | D:10     | Found a portal to a secret trove of treasure.
  7865 | D:1      | Bought a crude chain mail for 256 gold pieces
  7865 | D:1      | Identified the +1 chain mail of the Exiled Artisans {Fly
                  | Regen+} (You bought it in a shop on level 1 of the Dungeon)
  7901 | D:1      | Bought a scroll of identify for 26 gold pieces
  7901 | D:1      | Bought a scroll of identify for 26 gold pieces
  8564 | D:11     | Noticed a two-headed ogre
  8572 | D:11     | Killed a two-headed ogre
  8659 | D:11     | Noticed a wizard
  8667 | D:11     | Noticed a two-headed ogre
  8668 | D:11     | Noticed a tengu warrior
  8670 | D:11     | Noticed a two-headed ogre
  8850 | Lair:1   | Killed Sonja
  8858 | D:9      | Killed Joseph
  8930 | Lair:1   | Noticed Grum
  8941 | Lair:1   | Killed Grum
  8942 | Lair:1   | Reached skill level 10 in Armour
  9033 | Lair:1   | Reached **** piety under Trog
  9121 | Lair:1   | Reached XP level 12. HP: 96/104 MP: 12/12
  9193 | Lair:1   | Noticed a catoblepas
  9204 | Lair:1   | Killed a catoblepas
 10064 | Lair:2   | Identified the +8 glaive of Futuristic Action {drain, rN+}
 10229 | Lair:2   | Reached skill level 5 in Polearms
 10932 | Lair:3   | Noticed a four-headed hydra
 10942 | Lair:3   | Killed a four-headed hydra
 10984 | Lair:3   | Noticed Josephine
 10996 | Lair:3   | Killed Josephine
 11002 | Lair:3   | Reached skill level 6 in Polearms
 11089 | Lair:3   | Found a staircase to the Swamp.
 11339 | Lair:3   | Reached skill level 7 in Polearms
 11558 | Lair:3   | Found a staircase to the Snake Pit.
 11735 | Lair:4   | Reached skill level 10 in Fighting
 11788 | Lair:4   | Reached XP level 13. HP: 113/113 MP: 12/15
 11795 | Lair:4   | Reached skill level 5 in Invocations
 11987 | Lair:4   | Reached skill level 8 in Polearms
 12031 | Lair:4   | Noticed Snorg
 12045 | Lair:4   | Killed Snorg
 12446 | Lair:5   | Entered Level 5 of the Lair of Beasts
 12648 | Lair:5   | Reached skill level 9 in Polearms
 12657 | Lair:5   | Reached ***** piety under Trog
 12733 | Lair:5   | Found a viscous altar of Jiyva.
 12733 | Lair:5   | Found a staircase to the Slime Pits.
 12914 | Lair:5   | Reached skill level 10 in Polearms
 13319 | Lair:5   | Reached XP level 14. HP: 122/122 MP: 18/18
 13548 | Lair:5   | Reached skill level 10 in Throwing
 13553 | Lair:5   | Reached skill level 11 in Polearms
 14757 | Orc:2    | Entered Level 2 of the Orcish Mines
 14898 | Orc:2    | Found a staircase to the Elven Halls.
 14991 | Orc:2    | Found Quegodwan's Jewellery Shop.
 14999 | Orc:2    | Bought the ring "Neiskar" {rN++ Will+ rCorr Int+3} for 924
                  | gold pieces
 15047 | Orc:2    | Found Kuroseq's Jewellery Boutique.
 15311 | Orc:2    | Received a gift from Trog
 15311 | Orc:2    | Noticed Rupert
 15320 | Orc:2    | Killed Rupert
 15321 | Orc:2    | Reached skill level 12 in Polearms
 15413 | Orc:2    | Reached skill level 10 in Evocations
 15435 | Orc:2    | Found Beocroakk's Magic Scroll Shop.
 15512 | Orc:2    | Paralysed by an orc sorcerer for 3 turns
 15574 | Orc:2    | Bought a scroll of teleportation for 36 gold pieces
 15574 | Orc:2    | Bought a scroll of identify for 24 gold pieces
 15574 | Orc:2    | Bought a scroll of fog for 48 gold pieces
 15574 | Orc:2    | Bought a scroll of teleportation for 36 gold pieces
 15574 | Orc:2    | Bought a scroll of identify for 24 gold pieces
 15574 | Orc:2    | Bought a scroll of identify for 24 gold pieces
 15574 | Orc:2    | Bought a scroll of teleportation for 36 gold pieces
 15574 | Orc:2    | Bought a scroll of identify for 24 gold pieces
 15574 | Orc:2    | Bought a scroll of identify for 24 gold pieces
 15696 | Orc:2    | Found Wuhuuwuu's Weapon Shop.
 15696 | Orc:2    | Found Araeqeoss's Distillery.
 15698 | Orc:2    | Found Toganux's Armour Shop.
 15698 | Orc:2    | Found Gawko's Book Emporium.
 15709 | Orc:2    | Bought a potion of lignification for 39 gold pieces
 15712 | Orc:2    | Bought a +1 hat of intelligence for 240 gold pieces
 15712 | Orc:2    | Bought a +1 pair of boots for 172 gold pieces
 16320 | D:11     | Reached skill level 13 in Polearms
 16896 | D:12     | Found a glowing silver altar of Zin.
 16897 | D:12     | Identified the +9 short sword of the Apocalypse {freeze,
                  | Will+ MP+9 Str+2}
 17458 | D:13     | Received a gift from Trog
 17494 | D:13     | HP: 4/124 [skeletal warrior/+0 long sword[a death knight]
                  | (16)]
 17510 | D:12     | Reached XP level 15. HP: 36/130 MP: 12/20
 17891 | Snake:1  | Entered Level 1 of the Snake Pit
 18014 | Swamp:1  | Entered Level 1 of the Swamp
 18031 | Swamp:1  | HP: 1/122 [alligator (10)]
 18194 | Swamp:1  | You are sucked into a shaft and drop 1 floor!
 18502 | Swamp:1  | Reached skill level 14 in Polearms
 19457 | Swamp:2  | Received a gift from Trog
 19837 | Swamp:2  | Noticed Mlioglotl
 19847 | Swamp:2  | Killed Mlioglotl
 20269 | Swamp:3  | Noticed Mara
 20289 | Swamp:3  | Killed Mara
 20434 | Swamp:3  | Noticed a tentacled monstrosity
 20435 | Swamp:3  | Noticed a thorn hunter
 20455 | Swamp:3  | Killed a thorn hunter
 20456 | Swamp:3  | Noticed Louise
 20582 | Swamp:3  | Killed a tentacled monstrosity
 20630 | Swamp:3  | Reached skill level 5 in Dodging
 20651 | Swamp:3  | Killed Louise
 20742 | Swamp:3  | Reached XP level 16. HP: 139/141 MP: 9/22
 20948 | Swamp:4  | Entered Level 4 of the Swamp
 20961 | Swamp:3  | Reached skill level 10 in Invocations
 21048 | Swamp:3  | Reached skill level 15 in Polearms
 21135 | Swamp:4  | Noticed a thorn hunter
 21140 | Swamp:4  | Killed a thorn hunter
 21833 | Swamp:4  | Noticed a tentacled monstrosity
 21846 | Swamp:4  | Killed a tentacled monstrosity
 22059 | Swamp:4  | HP: 3/144 [green death/bolt of poison (7)]
 22065 | Swamp:4  | HP: 4/144 [green death] (12)]
 22065 | Swamp:4  | Succumbed to a green death's poison gas

Illustrated notes

Levels and vault maps discovered:
D:1:      dpeg_arrival_signposts, layout_rooms,
          hellmonk_ecumenical_altar_heavens_door, serial_glass, glass_columns_a,
          glass_columns_a, glass_columns_a, serial_shops,
          nicolae_shop_industrial_runoff, nicolae_shop_back_alley_shop,
          nicolae_shop_hallway_stairs, nicolae_shop_rolled_up
D:2:      layout_loops_ring
D:3:      layout_basic, grunt_decor_resistance, hex_intersection, uniq_grinder
D:4:      layout_rooms, mainiacjoe_overflow_two_lobes
D:5:      layout_rooms, mainiacjoe_overflow_surrounded_room, temple_green
D:6:      layout_loops_ring, serial_shops, shop, uniq_pikel, uniq_edmund
D:7:      layout_cave_pools, old_standard_altar
D:8:      layout_loops_ring, gammafunk_ghost_wrathful_warriors
D:9:      layout_basic, lair_entry_dummy, david_orc_3, uniq_amaemon
D:10:     layout_basic, enter_trove_5, st_stairs_1
D:11:     cheibrodos_ideogram_h, layout_stronghold
D:12:     layout_irregular_city, zin_academy
D:13:     layout_long_grid, lightli_vaults_fourway_checkpoint,
          gammafunk_ghost_spectres, nicolae_twisting_strands
Temple:   hc_temple_tempest_star
Lair:1:   layout_regular_city, uniq_sonja, uniq_grum, uniq_joseph
Lair:2:   layout_hall_layers
Lair:3:   layout_long_grid, minmay_swamp_entry_worms,
          nicolae_snake_entry_squirm, lemuel_fruit_tree, lemuel_fruit_fields,
          uniq_josephine
Lair:4:   layout_roguey, kennysheep_abandoned_house, infiniplex_staircase_pool,
          grunt_megastairs_2, uniq_snorg
Lair:5:   hangedman_lair_in_review, layout_hall_layers, slime_entry_1,
          chequers_serial_rivers_marsh, chequers_serial_rivers_micro_b,
          st_stairs_7, grunt_megastairs_1, serial_bayou_shore_b
Swamp:1:  layout_basic_swamp, nicolae_swamp_little_swirl
Swamp:2:  nicolae_swamp_secret_spriggan_hideout, layout_basic_swamp,
          serial_swamp_ruin, evilmike_swamp_ruin_house_2,
          evilmike_swamp_ruin_house_6, evilmike_swamp_ruin_rubble_2,
          swamp_pool5, uniq_mlioglotl
Swamp:3:  layout_basic_swamp, evilmike_swamp_ruin_rubble_1, uniq_mara,
          uniq_louise
Swamp:4:  swamp_vile, layout_basic_swamp
Snake:1:  layout_rooms, drop_trap, nicolae_snake_round_shape_thing,
          chequers_hall_statues_corner_a, serial_bayou_shore_b
Orc:1:    layout_caves
Orc:2:    grunt_orc_tribal_feast, layout_diamond_mine, serial_shops, shop, shop,
          nicolae_shop_tiny_waterfront, uniq_rupert

Skill      XL: |  1  2  3  4  5  6  7  8  9 10 11 12 13 14 15 16 |
---------------+-------------------------------------------------+-----
Fighting       | 4 5 6 7 9 10 11 12 13 | 13.4
Polearms       | 4 7 10 13 14 15 | 15.7
Invocations    | 1 2 4 6 8 9 10 | 10.8
Staves         | 1 4 5 7 8 10 11 13 | 13.7
Throwing       | 1 2 3 5 6 8 9 10 11 | 11.0
Armour         | 3 4 5 7 8 10 11 12 13 14 | 14.1
Evocations     | 2 3 5 6 7 8 9 10 11 | 11.6
Dodging        | 3 4 5 |  5.3

Action                     |  1- 3 |  4- 6 |  7- 9 | 10-12 | 13-15 | 16-18 || total
---------------------------+-------+-------+-------+-------+-------+-------++-------
  Melee: Spear             |    50 |       |       |       |       |       ||    50
         Punch             |     1 |       |       |       |       |       ||     1
         Trident           |    14 |       |       |       |       |       ||    14
         Lajatang          |    26 |    58 |   155 |   234 |       |       ||   473
         Headbutt          |     3 |     6 |    28 |    75 |   178 |    52 ||   342
         Glaive            |       |       |       |   123 |   772 |   159 ||  1054
         Dire flail        |       |       |       |     6 |    20 |       ||    26
         Quarterstaff      |       |       |       |       |    84 |    28 ||   112
  Throw: Stone             |    36 |    12 |    27 |    47 |    61 |       ||   183
         Boomerang         |       |       |    14 |    16 |       |       ||    30
         Dart              |       |       |    34 |   154 |   198 |    17 ||   403
         Javelin           |       |       |       |       |     5 |     5 ||    10
 Invoke: Berserk           |     1 |     1 |     4 |    15 |    21 |     4 ||    46
         Trog's Hand       |       |     4 |     4 |     8 |    10 |     1 ||    27
         Brothers in Arms  |       |       |       |       |     3 |     1 ||     4
Ability: Evoke Invisibilit |       |       |       |       |     1 |       ||     1
  Evoke: Wand              |       |       |       |     6 |    11 |     4 ||    21
         Lightning rod     |       |       |       |       |     8 |     4 ||    12
    Use: Scroll            |     4 |       |     4 |     7 |    17 |     1 ||    33
         Potion            |       |       |       |     1 |     8 |     8 ||    17
   Stab: Distracted        |       |     1 |     1 |     2 |       |       ||     4
         Petrified         |       |       |       |       |     2 |       ||     2
         Invisible         |       |       |       |       |     2 |       ||     2
         Petrifying        |       |       |       |       |     1 |       ||     1
 Armour: Animal skin       |     5 |       |       |       |       |       ||     5
         Leather armour    |     6 |       |       |       |       |       ||     6
         Chain mail        |    18 |     4 |       |   102 |   411 |   103 ||   638
         Plate armour      |       |    22 |    57 |    52 |       |       ||   131
  Dodge: Dodged            |    38 |    13 |    63 |   146 |   401 |    76 ||   737
